 Dungeon Sprint DCSS version 0.21.1-1-g345015fe64 (webtiles) character file.

30734 Groucho the Severer (level 13, 0/126 HPs)
             Began as a Naga Fighter on Apr 15, 2018.
             Was the Champion of Cheibriados.
             Slain by an iron troll (2 damage)
             ... in the Dungeon (Sprint VII: "The Pits").
             The game lasted 00:09:22 (3772 turns).

Groucho the Severer (Naga Fighter)                  Turns: 3772, Time: 00:09:22

Health: 0/126      AC: 22    Str: 33    XL:     13   Next: 53%
Magic:  13/24      EV:  8    Int: 27    God:    Cheibriados [******]
Gold:   40         SH:  0    Dex: 31    Spells: 12/12 levels left

rFire    . . .     SeeInvis +   h - +1 broad axe (freeze)
rCold    . . .     Gourm    .   c - +0 shield
rNeg     . . .     Faith    .   s - +4 chain mail
rPois    +         Spirit   .   (no helmet)
rElec    .         Reflect  .   j - +0 cloak
rCorr    .         Harm     .   (no gloves)
MR       +....     NoTele   +   (no barding)
Stlth    ..........             y - amulet of regeneration
HPRegen  0.31/turn              b - +3 ring of intelligence
MPRegen  0.19/turn              q - +3 ring of protection

@: petrifying, very slow
A: large, see invisible, deformed body, poison resistance, slowness 2, slow
metabolism 1, spit poison 1, constrict 1, AC +4
a: Spit Poison, Bend Time, Temporal Distortion, Slouch, Step From Time, Renounce
Religion


You were in the Dungeon.
You worshipped Cheibriados.
Cheibriados was exalted by your worship.
You were not hungry.

You visited 1 branch You collected 40 gold pieces.

Inventory:

Hand Weapons
 g - a +2 morningstar of crushing
 h - a +1 broad axe of freezing (weapon)
Missiles
 a - 4 tomahawks
 p - 27 stones (quivered)
Armour
 c - a +0 shield (worn)
 j - a +0 cloak (worn)
 s - a +4 chain mail (worn)
Jewellery
 b - a +3 ring of intelligence (left hand)
 q - a +3 ring of protection (right hand)
 y - an amulet of regeneration (around neck)
Scrolls
 k - 2 scrolls of blinking
 m - 4 scrolls of remove curse
 n - 5 scrolls of amnesia
 o - a scroll of summoning
 t - 2 scrolls of enchant weapon
 u - 3 scrolls of fear
 w - 2 scrolls of enchant armour
Potions
 d - 7 potions of heal wounds
 e - 6 potions of curing
 i - 3 potions of magic
 l - a potion of invisibility
 r - 5 potions of mutation
 v - a potion of might
 x - a potion of resistance
 z - a potion of ambrosia
Miscellaneous
 A - a phantom mirror
Comestibles
 f - 6 rations


   Skills:
 + Level 10.9 Fighting
 + Level 16.7 Axes
 + Level 14.5 Armour
 + Level 8.6 Dodging
 + Level 14.5 Shields
 - Level 14.9 Invocations


You had 12 spell levels left.
You didn't know any spells.

Dungeon Overview and Level Annotations

Branches:
Dungeon (1/1)

Altars:
Ashenzari
Cheibriados
Dithmenos
Elyvilon
Fedhas
Gozag
Hepliaklqana
Kikubaaqudgha
Makhleb
Nemelex Xobeh
Okawaru
Qazlal
Ru
Sif Muna
Trog
Uskayaw
Vehumet
Wu Jian
Xom
Yredelemnul
Zin
The Shining One
Beogh
Jiyva
Lugonu


Innate Abilities, Weirdness & Mutations

You cannot wear boots.
Your serpentine skin is tough. (AC +4)
You have supernaturally acute eyesight. (SInv)
Armour fits poorly on your strangely shaped body.
Your system is resistant to poisons. (rPois)
You cover ground very slowly.
You have a slow metabolism.
You can spit poison.
You can use your snake-like lower body to constrict enemies.


Message History

You feel somewhat more hungry.
You are engulfed in calcifying dust.
You are slowing down.
The naga warrior barely misses you.
Unknown command.
Unknown command.
The naga warrior hits you but does no damage. x2
The iron troll bites you! The iron troll claws you!
* * * LOW HITPOINT WARNING * * *
The iron troll barely misses you.
The naga warrior hits you from afar with a trident!
* * * LOW HITPOINT WARNING * * *
The iron troll bites you!
* * * LOW HITPOINT WARNING * * *
The iron troll claws you!
* * * LOW HITPOINT WARNING * * *
The iron troll claws you. The iron troll bites you.
* * * LOW HITPOINT WARNING * * *
The iron troll claws you but does no damage.
The iron troll claws you.
You die...

++###############################
.....)..).))..§..................
..).)...).)..))§@...)............
..##############T'##############)
..# #...N..# #. ..# #......# #.
(.# #......# #. ..# ###..### #.
..# .... #. ..# .... #. ..# ....#
#.


You could see a naga warrior and an iron troll.

Vanquished Creatures
  Arachne (D)
  A deep elf blademaster (D)
  A death cob (D)
  2 orc warlords (D)
  A merfolk impaler (D)
  A vault guard (D)
  A naga warrior (D)
  2 catoblepae (D)
  A merfolk aquamancer (D)
  A merfolk avatar (D)
  A spriggan berserker (D)
  A deep elf knight (D)
  A shadow wraith (D)
  An unseen horror (D)
  A phantasmal warrior (D)
  A lindwurm (D)
  A wolf spider (D)
  9 orc knights (D)
  An orange demon (D)
  2 gargoyles (D)
  An eye of devastation (D)
  2 rime drakes (D)
  A komodo dragon (D)
  A troll (D)
  An ice devil (D)
  A tyrant leech (D)
  2 jumping spiders (D)
  A hornet (D)
  5 merfolk (D)
  A polar bear (D)
  A hippogriff (D)
  A snapping turtle (D)
  11 dream sheep (D)
  A spriggan (shapeshifter) (D)
  A redback (D)
  A spriggan (D)
  3 water elementals (D)
  3 fire bats (D)
  A small abomination (D)
  Grum (D)
  2 water moccasins (D)
  A soldier ant (D)
  A porcupine (D)
  2 black bears (D)
  A phantom (D)
  8 wolves (D)
  2 centaurs (D)
  A crocodile (D)
  Blork the orc (D)
  4 killer bees (D)
  A quasit (D)
  2 hounds (D)
  An iguana (D)
  3 worker ants (D)
  A gnoll (D)
  An adder (D)
  A white imp (D)
  An ufetubus (D)
  An ooze (D)
  A worm (D)
  2 leopard geckos (D)
  2 orcs (D)
  A ball python (D)
  A giant cockroach (D)
  2 goblins (D)
  A rat (D)
116 creatures vanquished.

Vanquished Creatures (others)
  A cacodemon (D)
  A golden eye (D)
  A chaos spawn (D)
  An orc warrior (D)
  An eye of draining (D)
  4 orcs (D)
9 creatures vanquished.

Grand Total: 125 creatures vanquished

Notes
Turn   | Place    | Note
-------+----------+-------------------------------------------
     0 | D        | Groucho the Naga Fighter began the quest for the Orb.
     0 | D        | Reached XP level 1. HP: 21/21 MP: 1/1
    13 | D        | Killed a golden eye
    46 | D        | Found a bloodstained altar of Trog.
    46 | D        | Found a deep blue altar of Sif Muna.
    46 | D        | Found a viscous altar of Jiyva.
    46 | D        | Found a hazy altar of Hepliaklqana.
    46 | D        | Found an opulent altar of Gozag.
    47 | D        | Found a glowing golden altar of the Shining One.
    47 | D        | Found a glowing silver altar of Zin.
    47 | D        | Found a basalt altar of Yredelemnul.
    47 | D        | Found a shimmering altar of Xom.
    47 | D        | Found an ornate altar of the Wu Jian Council.
    47 | D        | Found a sacrificial altar of Ru.
    47 | D        | Found a stormy altar of Qazlal.
    47 | D        | Found an iron altar of Okawaru.
    47 | D        | Found a sparkling altar of Nemelex Xobeh.
    47 | D        | Found a burning altar of Makhleb.
    47 | D        | Found a blossoming altar of Fedhas.
    47 | D        | Found a white marble altar of Elyvilon.
    47 | D        | Found a shadowy altar of Dithmenos.
    47 | D        | Found a snail-covered altar of Cheibriados.
    49 | D        | Found a radiant altar of Vehumet.
    49 | D        | Found a corrupted altar of Lugonu.
    49 | D        | Found a roughly hewn altar of Beogh.
    50 | D        | Found a hide-covered altar of Uskayaw.
    50 | D        | Found an ancient bone altar of Kikubaaqudgha.
    50 | D        | Found a shattered altar of Ashenzari.
    58 | D        | Became a worshipper of Cheibriados the Contemplative
    86 | D        | Reached skill level 3 in Axes
    86 | D        | Reached XP level 2. HP: 30/30 MP: 2/2
   101 | D        | Reached * piety under Cheibriados
   114 | D        | Reached ** piety under Cheibriados
   114 | D        | Reached XP level 3. HP: 28/36 MP: 2/4
   120 | D        | Noticed Blork the orc
   126 | D        | Reached skill level 4 in Axes
   126 | D        | Reached XP level 4. HP: 22/44 MP: 3/6
   127 | D        | Reached *** piety under Cheibriados
   130 | D        | Killed Blork the orc
   130 | D        | Reached **** piety under Cheibriados
   130 | D        | Reached skill level 5 in Axes
   130 | D        | Reached XP level 5. HP: 11/50 MP: 4/8
   162 | D        | Killed an orc warrior
   168 | D        | HP: 2/50 [poisoned by a worker ant]
   174 | D        | HP: 2/50 [poisoned by a worker ant]
   315 | D        | Killed a chaos spawn
   725 | D        | Killed an eye of draining
   739 | D        | Noticed a fire bat
   750 | D        | Killed a fire bat
   750 | D        | Reached skill level 6 in Axes
   750 | D        | Reached skill level 5 in Armour
   750 | D        | Reached skill level 5 in Shields
   750 | D        | Reached XP level 6. HP: 38/57 MP: 8/10
   756 | D        | Reached ***** piety under Cheibriados
   760 | D        | Noticed a water moccasin
   763 | D        | Reached skill level 7 in Axes
   767 | D        | Killed a water moccasin
   767 | D        | Reached XP level 7. HP: 46/63 MP: 10/12
   786 | D        | Reached skill level 8 in Axes
   796 | D        | Noticed a fire bat
   799 | D        | Reached ****** piety under Cheibriados
   799 | D        | Killed a fire bat
  1025 | D        | Noticed an orange demon
  1028 | D        | Reached XP level 8. HP: 57/72 MP: 8/14
  1036 | D        | Killed an orange demon
  1036 | D        | Reached skill level 9 in Axes
  1313 | D        | Noticed a troll
  1313 | D        | Noticed a polar bear
  1315 | D        | Killed a troll
  1315 | D        | Reached skill level 10 in Invocations
  1315 | D        | Killed a polar bear
  1315 | D        | Reached skill level 10 in Axes
  1315 | D        | Reached XP level 9. HP: 67/78 MP: 10/16
  1317 | D        | Noticed a tyrant leech
  1324 | D        | Noticed a rime drake
  1328 | D        | Killed a rime drake
  1338 | D        | Killed a tyrant leech
  1739 | D        | Noticed a jumping spider
  1740 | D        | Killed a jumping spider
  1740 | D        | Reached skill level 11 in Axes
  1741 | D        | Noticed a merfolk impaler
  1741 | D        | Noticed a merfolk
  1741 | D        | Noticed a merfolk
  1741 | D        | Noticed a merfolk
  1741 | D        | Noticed a merfolk
  1743 | D        | Reached XP level 10. HP: 63/85 MP: 12/18
  1743 | D        | Reached skill level 10 in Armour
  1743 | D        | Reached skill level 10 in Shields
  1754 | D        | Killed a merfolk impaler
  1754 | D        | Reached skill level 12 in Axes
  2514 | D        | Noticed a gargoyle
  2518 | D        | Killed a gargoyle
  2518 | D        | Reached XP level 11. HP: 70/91 MP: 21/21
  2524 | D        | Reached skill level 13 in Axes
  2538 | D        | Noticed Arachne
  2539 | D        | Noticed a phantasmal warrior
  2540 | D        | Killed a phantasmal warrior
  2559 | D        | Killed Arachne
  2559 | D        | Reached skill level 14 in Axes
  3032 | D        | Noticed a shadow wraith
  3033 | D        | Noticed a death cob
  3034 | D        | Noticed an unseen horror
  3034 | D        | Reached skill level 1 in Dodging
  3034 | D        | Killed an unseen horror
  3035 | D        | Noticed a lindwurm
  3035 | D        | Killed a death cob
  3035 | D        | Reached skill level 5 in Fighting
  3035 | D        | Reached XP level 12. HP: 88/104 MP: 17/23
  3199 | D        | Killed a cacodemon
  3242 | D        | Noticed a merfolk avatar
  3254 | D        | Killed a merfolk avatar
  3254 | D        | Reached skill level 15 in Axes
  3264 | D        | Noticed a merfolk aquamancer
  3269 | D        | Noticed a deep elf knight
  3273 | D        | Killed a merfolk aquamancer
  3273 | D        | Reached skill level 5 in Dodging
  3279 | D        | Killed a deep elf knight
  3382 | D        | Noticed Grum
  3389 | D        | Killed Grum
  3411 | D        | Noticed a spriggan berserker
  3413 | D        | Killed a spriggan berserker
  3559 | D        | Noticed a catoblepas
  3566 | D        | Killed a catoblepas
  3568 | D        | Noticed a spriggan rider
  3568 | D        | Noticed an orc warlord
  3574 | D        | Noticed an orc warlord
  3583 | D        | Gained mutation: You can use your snake-like lower body to constrict enemies. [Naga growth]
  3583 | D        | Reached XP level 13. HP: 53/121 MP: 19/24
  3585 | D        | Killed an orc warlord
  3585 | D        | Reached skill level 16 in Axes
  3586 | D        | Killed an orc warlord
  3736 | D        | Noticed a deep elf blademaster
  3739 | D        | Reached skill level 10 in Fighting
  3744 | D        | Killed a deep elf blademaster
  3761 | D        | Noticed a vault guard
  3765 | D        | Killed a vault guard
  3772 | D        | HP: 4/126 [iron troll (6)]
  3772 | D        | Slain by an iron troll

Skill      XL: |  1  2  3  4  5  6  7  8  9 10 11 12 13 |
---------------+----------------------------------------+-----
Axes           | 3 4 5 6 7 8 10 11 12 14 15 16 | 16.7
Armour         | 3 4 5 6 7 8 9 11 12 13 14 | 14.5
Shields        | 3 4 5 6 7 8 9 11 12 13 14 | 14.5
Invocations    | 2 4 6 7 8 10 11 13 14 | 14.9
Fighting       | 5 9 10 | 10.9
Dodging        | 3 6 8 |  8.6

Action                   |  1- 3 |  4- 6 |  7- 9 | 10-12 | 13-15 || total
-------------------------+-------+-------+-------+-------+-------++-------
Melee: Hand axe          |    30 |    24 |    22 |       |       ||    76
       War axe           |     2 |       |       |       |       ||     2
       Broad axe         |       |       |    22 |   113 |    26 ||   161
       Constrict         |       |       |       |       |     6 ||     6
Invok: Slouch            |       |       |     5 |    22 |     7 ||    34
  Use: Potion            |     4 |       |       |     8 |       ||    12
       Scroll            |       |       |       |     1 |       ||     1
 Stab: Invisible         |       |     4 |       |       |       ||     4
  Eat: Ration            |       |       |       |     2 |     1 ||     3
Armor: Scale mail        |    11 |     1 |       |       |       ||    12
       Chain mail        |       |    21 |    29 |    85 |    10 ||   145
Dodge: Dodged            |    11 |    17 |    14 |    47 |    11 ||   100
Block: Shield            |    23 |    31 |    43 |   129 |    12 ||   238
